 Dungeon Sprint DCSS version 0.19.4-8-ga85b6b9 (webtiles) character file.

5700000 protoss039 the Conqueror (level 27, -25/273 HPs)
             Began as a Ghoul Warper on Feb 13, 2017.
             Was the Champion of Makhleb.
             Annihilated by The Servant
             ... wielding a +9 glaive of flaming
              (62 damage)
             ... in the Dungeon (Sprint VIII: "Arena of Blood").
             The game lasted 00:01:56 (57 turns).

protoss039 the Conqueror (Ghoul Warper)               Turns: 57, Time: 00:01:56

Health: -25/273    AC:  6    Str: 28    XL:     27
Magic:  15/53      EV: 24    Int:  8    God:    Makhleb [******]
Gold:   0          SH:  0    Dex:  8    Spells: 0 memorised, 80 levels left

rFire  . . .     SeeInvis .     k - +∞ Axe of Woe
rCold  + . .     Gourm    .     a - +0 leather armour
rNeg   + + +     Faith    .     (shield currently unavailable)
rPois  ∞         Spirit   .     (no helmet)
rElec  .         Reflect  .     (no cloak)
rCorr  .         Harm     .     (no gloves)
MR     ++...     NoTele   +     (no boots)
Stlth  +++++++++.               (no amulet)
                                (no ring)
                                (no ring)

@: rotting
A: rotting body, claws 1, carnivore 3, cold resistance 1, negative energy
resistance 3, slow regeneration 1, torment resistance, unbreathing
a: Minor Destruction, Lesser Servant of Makhleb, Major Destruction, Greater
Servant of Makhleb, Renounce Religion


You were in the Dungeon.
You worshipped Makhleb.
Makhleb was exalted by your worship.
You were not hungry.

You visited 1 branch

Inventory:

Hand Weapons
 k - the +∞ Axe of Woe (weapon)
   (You found it in the Dungeon)
Missiles
 d - 5 tomahawks of dispersal (quivered)
Armour
 a - a +0 leather armour (worn)
Jewellery
 l - a +200 ring of slaying
Scrolls
 c - 2 scrolls of blinking
Potions
 e - a potion of curing
 g - a potion of heal wounds
 h - a potion of haste
 i - 2 potions of magic
 j - a potion of berserk rage
Books
 b - a book of Spatial Translocations

   Spells                             Type                      Level
   a - Blink                          Translocation                2
   b - Shroud of Golubria             Charms/Translocation         2
   c - Lesser Beckoning               Translocation                3
   d - Portal Projectile              Translocation                3
   e - Teleport Other                 Translocation                3
   f - Passage of Golubria            Translocation                4
Comestibles
 f - a meat ration


   Skills:
 O Level 27 Fighting
 O Level 27 Axes
 O Level 27 Throwing
 O Level 27 Armour
 O Level 27 Dodging
 O Level 27 Stealth
 O Level 27 Unarmed Combat
 O Level 27 Spellcasting
   Level 2.6 Translocations
 O Level 27 Invocations


You had 80 spell levels left.
You didn't know any spells.

Dungeon Overview and Level Annotations

Branches:
Dungeon (1/1)

Altars:
Makhleb

Annotations:
D The Captor, The Servant


Innate Abilities, Weirdness & Mutations

Your body is rotting away.
You thrive on raw meat.
You are immune to poison.
You have sharp fingernails.
You are carnivorous and can eat meat at any time.
Your flesh is cold resistant. (rC+)
You are immune to negative energy. (rN+++)
You regenerate slowly when monsters are visible.
You are immune to unholy pain and torment.
You can survive without breathing.


Message History

A bag of meat comes into view. It is wielding a +9 war axe.
Unknown command.
Press < or > to pray at altars.
The bag of meat shouts!
You slice the bag of meat!!
You slaughter the bag of meat joyfully.
You kill the bag of meat!
Makhleb accepts your kill.
You feel better.
The meat berserker rages.
You hear a shout!
The bag of meat is engulfed in roaring flames.
The destroyer blinks!
You hear a shout!
The destroyer blinks!
The dread is engulfed in roaring flames.
The bag of meat is engulfed in roaring flames.
The Servant hits you from afar with a +9 glaive of flaming!!!!
* * * LOW HITPOINT WARNING * * *
The Servant burns you!!!
You die...

#... ..# #... ..#
. .###... %%###.
........###......
#.. ...%%_.%.%.
..%o #...§C#
...%. #_VV._# .
.%...§#@)O).#..o.
#..§.§W§o@)OV%.§.
..%@.§§o###%..oo.
...###§§§ ..###.
.. #%..o ..#
#%%... .#
....o%.O.
....%...z..
.%%z%.....


You could see The Servant, 3 destroyers, a large bag of meat (inner flame), a
dread, The Captor, 2 meat berserkers and 5 bags of meat.

Vanquished Creatures
  14 vampire knights (D)
  24 ogres (D)
  41 orcs (D)
  7 hill giants (D)
  A skeletal warrior (D)
87 creatures vanquished.

Notes
Turn   | Place    | Note
-------+----------+-------------------------------------------
     0 | D        | protoss039 the Ghoul Warper began the quest for the Orb.
     0 | D        | Reached XP level 1. HP: 17/17 MP: 2/2
     3 | D        | Noticed a bag of meat
     4 | D        | Noticed a bag of meat
     4 | D        | Noticed a meat berserker
     4 | D        | Became a worshipper of Makhleb the Destroyer
     5 | D        | Noticed a meat berserker
     9 | D        | Killed a meat berserker
     9 | D        | Reached skill level 5 in Throwing
     9 | D        | Reached skill level 5 in Armour
     9 | D        | Reached skill level 15 in Spellcasting
     9 | D        | Reached XP level 2. HP: 50/50 MP: 2/17
     9 | D        | Reached XP level 3. HP: 57/57 MP: 2/19
     9 | D        | Reached XP level 4. HP: 64/64 MP: 2/20
     9 | D        | Reached XP level 5. HP: 72/72 MP: 2/22
     9 | D        | Reached XP level 6. HP: 80/80 MP: 2/23
     9 | D        | Reached XP level 7. HP: 86/86 MP: 2/25
     9 | D        | Reached XP level 8. HP: 94/94 MP: 2/26
     9 | D        | Reached XP level 9. HP: 101/101 MP: 2/27
     9 | D        | Reached XP level 10. HP: 110/110 MP: 2/28
     9 | D        | Reached XP level 11. HP: 116/116 MP: 2/29
     9 | D        | Reached XP level 12. HP: 124/124 MP: 2/30
     9 | D        | Reached XP level 13. HP: 130/130 MP: 2/31
    10 | D        | Killed a bag of meat
    10 | D        | Reached * piety under Makhleb
    10 | D        | Reached skill level 15 in Dodging
    10 | D        | Reached XP level 14. HP: 57/143 MP: 2/34
    10 | D        | Killed a meat berserker
    10 | D        | Reached skill level 5 in Axes
    10 | D        | Reached XP level 15. HP: 62/155 MP: 2/37
    13 | D        | Reached ** piety under Makhleb
    13 | D        | Reached XP level 16. HP: 124/168 MP: 3/39
    14 | D        | Noticed a meat berserker
    15 | D        | Noticed a meat berserker
    16 | D        | Noticed a destroyer
    17 | D        | Noticed a meat berserker
    17 | D        | Noticed a large bag of meat
    17 | D        | Killed a meat berserker
    17 | D        | Reached skill level 10 in Axes
    18 | D        | Killed a destroyer
    18 | D        | Reached skill level 10 in Armour
    18 | D        | Reached XP level 17. HP: 170/184 MP: 5/43
    18 | D        | Killed a meat berserker
    18 | D        | Reached *** piety under Makhleb
    18 | D        | Reached skill level 10 in Throwing
    18 | D        | Reached XP level 18. HP: 181/196 MP: 5/45
    20 | D        | Noticed a destroyer
    20 | D        | Killed a meat berserker
    20 | D        | Reached skill level 27 in Fighting
    21 | D        | Noticed a meat berserker
    21 | D        | Killed a large bag of meat
    22 | D        | Killed a meat berserker
    22 | D        | Reached **** piety under Makhleb
    22 | D        | Reached skill level 27 in Unarmed Combat
    22 | D        | Reached XP level 19. HP: 157/207 MP: 6/48
    23 | D        | Noticed a meat berserker
    23 | D        | Noticed a destroyer
    24 | D        | Noticed a meat berserker
    25 | D        | Noticed a meat berserker
    25 | D        | Noticed a large bag of meat
    25 | D        | Noticed a large bag of meat
    25 | D        | Killed a destroyer
    25 | D        | Reached skill level 15 in Armour
    25 | D        | Reached skill level 27 in Dodging
    25 | D        | Reached skill level 27 in Spellcasting
    25 | D        | Reached XP level 20. HP: 179/216 MP: 7/50
    26 | D        | Noticed a large bag of meat
    26 | D        | Noticed a destroyer
    27 | D        | Killed a meat berserker
    27 | D        | Reached skill level 27 in Axes
    27 | D        | Reached ***** piety under Makhleb
    27 | D        | Killed a large bag of meat
    27 | D        | Reached XP level 21. HP: 144/224 MP: 8/51
    29 | D        | Noticed a meat berserker
    29 | D        | Killed a destroyer
    29 | D        | Reached skill level 27 in Armour
    29 | D        | Killed a meat berserker
    29 | D        | Reached skill level 27 in Throwing
    29 | D        | Reached XP level 22. HP: 233/233 MP: 8/52
    30 | D        | Noticed a destroyer
    30 | D        | Reached skill level 15 in Invocations
    31 | D        | Reached ****** piety under Makhleb
    32 | D        | Reached XP level 23. HP: 240/240 MP: 9/53
    32 | D        | Killed a destroyer
    32 | D        | Reached skill level 27 in Stealth
    32 | D        | Reached skill level 27 in Invocations
    34 | D        | Noticed a destroyer
    34 | D        | Reached XP level 24. HP: 249/249 MP: 10/53
    35 | D        | Noticed a destroyer
    35 | D        | Killed a destroyer
    35 | D        | Noticed a destroyer
    36 | D        | Reached XP level 25. HP: 257/257 MP: 10/53
    36 | D        | Killed a destroyer
    37 | D        | Reached XP level 26. HP: 266/266 MP: 10/53
    38 | D        | Killed a destroyer
    39 | D        | Noticed a destroyer
    39 | D        | Reached XP level 27. HP: 193/273 MP: 11/53
    40 | D        | Noticed a destroyer
    40 | D        | Noticed a destroyer
    40 | D        | Killed a destroyer
    41 | D        | Noticed The Servant
    41 | D        | Noticed a destroyer
    41 | D        | Killed a destroyer
    43 | D        | Noticed a destroyer
    44 | D        | Noticed a destroyer
    45 | D        | Noticed an accursed
    47 | D        | Killed a destroyer
    48 | D        | Noticed a destroyer
    51 | D        | Noticed a destroyer
    51 | D        | Killed a destroyer
    54 | D        | Noticed a destroyer
    54 | D        | Killed a destroyer
    55 | D        | Killed a destroyer
    56 | D        | Killed a destroyer
    57 | D        | Noticed a dread
    57 | D        | Noticed The Captor
    57 | D        | Annihilated by The Servant

Skill      XL: |  1  2  3  4  5  6  7  8  9 10 11 12 13 14 15 16 17 18 19 20 21 22 23 |
---------------+----------------------------------------------------------------------+-----
Fighting       | 16 18 20 21 24 26 27 | 27.0
Throwing       | 5 6 7 8 9 10 11 13 17 27 | 27.0
Armour         | 5 6 7 8 10 11 13 15 21 27 | 27.0
Dodging        | 14 15 17 18 21 22 25 27 | 27.0
Unarmed Combat | 16 18 20 21 24 25 27 | 27.0
Spellcasting   | 15 17 19 20 23 24 26 27 | 27.0
Axes           | 2 5 8 13 14 19 23 27 | 27.0
Stealth        | 23 27 | 27.0
Invocations    | 22 27 | 27.0
Translocations | |  2.6

Action                   |  1- 3 |  4- 6 |  7- 9 | 10-12 | 13-15 | 16-18 | 19-21 | 22-24 | 25-27 || total
-------------------------+-------+-------+-------+-------+-------+-------+-------+-------+-------++-------
Melee: Executioner's axe |     1 |       |       |       |     3 |     5 |     5 |     7 |    19 ||    40
Dodge: Dodged            |       |       |       |       |       |       |       |       |     2 ||     2
